[Event "III Menorca Open-A 2024"]
[Site "Ciutadella Menorca"]
[Date "2024.04.02"]
[Round "1.12"]
[White "Dardha, Daniel"]
[Black "Toolin, Christopher"]
[Result "1-0"]
[ECO "A13"]
[WhiteElo "2628"]
[BlackElo "2184"]
[Annotator "TA"]
[PlyCount "75"]
[EventDate "2024.04.02"]
[EventType "swiss"]
[EventCountry "ESP"]
[SourceTitle "playchess.com"]
[Source "ChessBase"]
[SourceQuality "1"]
[TimeControl "5400+30"]

1. Nf3 Nf6 2. c4 e6 3. e3 d5 4. b3 Be7 5. Bb2 O-O 6. Nc3 b6 7. cxd5 exd5 8. Be2 c5 9. d4 Nc6 10. O-O Be6 11. Rc1 Rc8 12. Na4 ({Better is} 12. Ba6 $14) 12... Ne4 {[%emt 0:00:00][%cal Oc5c4] The position is equal.} 13. dxc5 bxc5 14. Nd2 Nxd2 15. Qxd2 c4 16. bxc4 dxc4 17. Qxd8 Rfxd8 (17... Nxd8 {simplifies} 18. Rfd1 Nb7 19. g4 Rfe8) 18. Bxc4 Bxc4 19. Rxc4 Nb4 20. Rxc8 Rxc8 21. Bd4 a6 22. Nb6 Rc6 23. a4 Bf6 (23... a5 $11 {remains equal.}) 24. a5 Rc2 25. Rd1 (25. Bxf6 $16 gxf6 26. h3) 25... Nc6 (25... Be7 $14) 26. Bxf6 $16 gxf6 {[%emt 0:00:10][%mdl 4096] Endgame. KRN-KRN} 27. g4 Nxa5 28. Rd8+ Kg7 29. Ra8 Rc6 {[%emt 0:07:09] [#]} (29... Nc4 $14 30. Nd5 (30. Rxa6 Ne5 $11) 30... f5) 30. Nd5 $1 {[%emt 0:00:17] Ne7 is the strong threat.} ({Worse is} 30. Rxa6 Nc4 31. Nxc4 Rxa6 $15) 30... Nb3 (30... h5 $16 {keeps fighting.}) 31. Ne7 $18 Rc1+ 32. Kg2 {[%emt 0:00:06] White threatens Rg8+ and mate.} h6 (32... h5 $142 33. Nf5+ (33. gxh5 Rc5 $16) (33. Rxa6 hxg4 34. Ra8 Rc7 $14) 33... Kg6 34. Rg8+ (34. Rxa6 hxg4 35. Ne7+ Kg7 $14) 34... Kh7 35. Rg7+ Kh8) 33. Nf5+ ({Not} 33. Rxa6 h5 34. gxh5 Rc5 $16) 33... Kg6 $2 (33... Kh7 34. Rxa6 Kg6) 34. Rh8 {[%emt 0:00:59][%cal Oh2h4] [#] Threatening mate with h4!} h5 35. Rh6+ {[%emt 0:00:38] White mates.} Kg5 36. Rxh5+ Kg6 37. Rh6+ Kg5 38. Kh3 {[%emt 0:00:18] Weighted Error Value: White=0.10 (very precise) /Black=0.60.  Mistake:       	White=2     	Black=6      Inaccurate:     	White=3     	Black=4      OK:         	White=7     	Black=3      Best:        	White=3     	Black=3      Strong:       	White=1     	---} 1-0

[Event "III Menorca Open-A 2024"]
[Site "Ciutadella Menorca"]
[Date "2024.04.02"]
[Round "1.13"]
[White "Aniruddh Chatterjee"]
[Black "Chigaev, Maksim"]
[Result "0-1"]
[ECO "A30"]
[WhiteElo "2182"]
[BlackElo "2617"]
[Annotator "TA"]
[PlyCount "84"]
[EventDate "2024.04.02"]
[EventType "swiss"]
[EventCountry "ESP"]
[SourceTitle "playchess.com"]
[Source "ChessBase"]
[SourceQuality "1"]
[TimeControl "5400+30"]

1. c4 Nf6 2. Nf3 b6 3. g3 Bb7 4. Bg2 g6 5. b3 Bg7 6. Bb2 O-O 7. O-O c5 8. d4 cxd4 9. Nxd4 Bxg2 10. Kxg2 d5 11. cxd5 Qxd5+ 12. Nf3 Qb7 13. Na3 {[%emt 0:04:40] Black has an edge.} Na6 14. Rc1 Nb4 15. Rc4 Rfd8 (15... Nxa2 16. Qb1 b5 17. Nxb5 $11) 16. Qa1 {[%emt 0:01:20] [#]} Nd3 {[%emt 0:00:47] Black is more active.} 17. Bd4 {[%emt 0:07:57] [#]} (17. exd3 Rxd3 18. Kg1 (18. Rf4 $2 Nh5 $19) 18... Qxf3 $17) 17... e5 $1 18. Bxe5 Nxe5 19. Qxe5 Re8 20. Qc7 Qxc7 21. Rxc7 Rxe2 22. Rc2 Rxc2 23. Nxc2 Rc8 24. Ne3 Bh6 25. Nc4 b5 26. Nce5 Rc2 27. Rd1 {[%emt 0:01:41] [#]} Be3 $1 28. Rd8+ Kg7 29. Rb8 Rxf2+ 30. Kh3 g5 {[%emt 0:02:53] And now ...h5 would win.} 31. Rb7 g4+ (31... Rxa2 $2 {perishes.} 32. Rxf7+ (32. Nxf7 $2 {is the wrong capture.} g4+ 33. Kh4 gxf3 $19) 32... Kg8 33. Rxf6 $18) (31... Rxf3 $5 32. Nxf3 g4+ 33. Kg2 gxf3+ 34. Kxf3 Bb6 $17) 32. Kh4 $2 {[%emt 0:00:00][%mdl 8192] White does not recover from this.} (32. Nxg4 $11 Nxg4 (32... Rxf3 33. Kg2 $14) 33. Kxg4) 32... Rxf3 {[%emt 0:00:14] Black is clearly winning.} 33. Rxf7+ Kg8 34. Rb7 Rf5 35. Rb8+ Kg7 36. Rb7+ Kf8 37. Nd7+ Nxd7 38. Rxd7 Rf2 39. Rd5 Rxh2+ 40. Kxg4 Rxa2 41. Rxb5 Bb6 42. Rd5 Ra5 {[%emt 0:00:00] Weighted Error Value: White=0.29 (precise) /Black=0.13 (very precise) .  Loses game:     	White=1     	---        Inaccurate:     	White=6     	Black=2      OK:         	White=7     	Black=11     Best:        	White=5     	Black=5      Strong:       	---       	Black=1      Brilliant:      	---       	Black=1} 0-1

[Event "III Menorca Open-A 2024"]
[Site "Ciutadella Menorca"]
[Date "2024.04.02"]
[Round "1.14"]
[White "Karthik Venkataraman"]
[Black "Adam, Rafael"]
[Result "1-0"]
[ECO "A30"]
[WhiteElo "2609"]
[BlackElo "2146"]
[Annotator "TA"]
[PlyCount "87"]
[EventDate "2024.04.02"]
[EventType "swiss"]
[EventCountry "ESP"]
[SourceTitle "playchess.com"]
[Source "ChessBase"]
[SourceQuality "1"]
[TimeControl "5400+30"]

1. c4 Nf6 2. Nc3 c5 3. Nf3 e6 4. g3 b6 5. Bg2 Bb7 6. O-O Be7 7. d4 cxd4 8. Qxd4 d6 9. Rd1 a6 10. b3 Nbd7 11. e4 Qc7 12. Ba3 Nc5 13. e5 dxe5 14. Qxe5 Rc8 15. Qxc7 Rxc7 16. Bc1 Nfe4 17. Bf4 {[%emt 0:02:35] [#] And now Nxe4 would win.} Rc8 18. Nxe4 Bxe4 {[%emt 0:04:03] The position is equal.} 19. Be3 Bf6 20. Bd4 Ke7 21. Ne5 Bxg2 22. Kxg2 Rhd8 23. f4 Rd6 (23... b5 $11 {remains equal.}) 24. Bxc5 $16 Rxc5 25. Rxd6 Kxd6 {[%emt 0:00:08][%mdl 4096] Endgame. KRB-KRN} 26. Rd1+ (26. Nxf7+ Ke7 27. Ne5 Bxe5 28. fxe5 Rxe5 $17) 26... Ke7 {[%emt 0:00:17] [#]} 27. Nd7 Rc6 28. Nb8 Rc8 29. Nxa6 Ke8 (29... g5 $142) 30. Rd6 Bd8 31. a4 {[%emt 0:00:00] White is much more active.} Ke7 32. Rd3 Ke8 33. Nb4 Be7 34. Na2 f6 35. Kf3 g5 (35... f5 $16 {is a better defense.} 36. Ke2 h5) 36. fxg5 $18 fxg5 37. Nc3 h5 38. Ne4 g4+ $2 (38... Rb8 {was called for.} 39. Ke3 Rd8 40. Rxd8+ Bxd8) 39. Kf4 Rc6 40. Ke5 Kf7 41. Rd7 {[%emt 0:00:00] Strongly threatening Nd6+.} Ke8 42. Rb7 Kd8 43. Rb8+ Kd7 44. Rh8 {[%emt 0:00:00] Weighted Error Value: White=0.05 (flawless) /Black=0.29 (precise) .  Mistake:       	---       	Black=4      OK:         	White=17    	Black=8      Best:        	White=4     	Black=3} 1-0

[Event "III Menorca Open-A 2024"]
[Site "Ciutadella Menorca"]
[Date "2024.04.02"]
[Round "1.15"]
[White "Ermachenko, Manuel"]
[Black "Yuffa, Daniil"]
[Result "0-1"]
[ECO "B90"]
[WhiteElo "2161"]
[BlackElo "2606"]
[Annotator "RC"]
[PlyCount "132"]
[EventDate "2024.04.02"]
[EventType "swiss"]
[EventCountry "ESP"]
[SourceTitle "playchess.com"]
[Source "ChessBase"]
[SourceQuality "1"]
[TimeControl "5400+30"]

1. e4 c5 2. Nf3 d6 3. d4 cxd4 4. Nxd4 Nf6 5. Nc3 a6 6. Be3 e5 7. Nb3 Be6 8. f3 h5 9. Qd2 Nbd7 10. Nd5 Bxd5 11. exd5 g6 12. Be2 Bg7 13. O-O O-O 14. Rad1 Re8 15. Na5 Rb8 16. c4 e4 17. f4 Ng4 18. Bxg4 hxg4 19. b4 Qh4 20. Qf2 Qh5 21. c5 Nf6 22. f5 gxf5 23. Qxf5 Re5 24. Qxh5 Rxh5 25. Bf4 Nxd5 26. cxd6 e3 27. d7 Rd8 28. Rfe1 Rxd7 29. Rxe3 Rf5 30. Re4 b5 31. Nb3 Nf6 32. Rxd7 Nxe4 33. g3 Nc3 34. Rd2 Rd5 35. Rxd5 Nxd5 36. Bd2 f5 37. Kf1 Bf8 38. a3 Kf7 39. Ke2 Nb6 40. Nd4 Kg6 41. Ne6 Bd6 42. Bf4 Kf6 43. Bxd6 Kxe6 44. Bf4 Nc4 45. Bc1 Ke5 46. Kd3 Kd5 47. Kc3 Ke4 48. a4 Ne3 49. axb5 axb5 50. Bd2 Nf1 51. Bf4 Nxh2 52. Kd2 Nf3+ 53. Kc3 Nd4 54. Kd2 Nc6 55. Kc3 Ne7 56. Bd6 Nd5+ 57. Kb3 Kd3 58. Be5 Ne3 59. Bf4 Nc4 60. Bc7 Nd2+ 61. Ka3 Ne4 62. Kb3 Ke2 63. Kc2 Kf3 64. Kd3 Nxg3 65. Kd4 f4 66. Ke5 Ne2 0-1

[Event "III Menorca Open-A 2024"]
[Site "Ciutadella Menorca"]
[Date "2024.04.02"]
[Round "1.16"]
[White "Albornoz Cabrera, Carlos Daniel"]
[Black "Paikens, Reinis"]
[Result "1-0"]
[ECO "C70"]
[WhiteElo "2603"]
[BlackElo "2122"]
[Annotator "TA"]
[PlyCount "53"]
[EventDate "2024.04.02"]
[EventType "swiss"]
[EventCountry "ESP"]
[SourceTitle "playchess.com"]
[Source "ChessBase"]
[SourceQuality "1"]
[TimeControl "5400+30"]

1. e4 e5 2. Nf3 Nc6 3. Bb5 g6 4. c3 a6 5. Ba4 Bg7 6. d4 exd4 7. cxd4 b5 8. Bb3 {[%emt 0:00:37] White has an edge.} Na5 9. Bc2 d5 10. O-O Ne7 11. e5 h6 (11... O-O $14) 12. h3 $16 O-O 13. Nc3 Bb7 14. Ne2 {[%emt 0:02:26] White is more active.} c5 15. dxc5 Qc7 16. Bf4 Qxc5 17. Rc1 {[%emt 0:00:21][%cal Oc2g6] Bxg6! would now be deadly.} Qb6 18. b3 Nac6 19. Ng3 Bc8 (19... Rae8 $14) 20. Re1 Be6 21. Qd2 h5 {[%emt 0:03:24][%mdl 8192] Black cannot hold the game after this.} (21... Qa5 $16 {is a better chance.}) 22. Bh6 {[%emt 0:01:31][%cal Og3h5] And now Nxh5! would win.} Rfd8 $2 (22... Rae8 23. Bxg7 Kxg7) 23. Qg5 $18 {[%emt 0:04:32] Hoping for Bxg7.} Bxh6 24. Qxh6 {[%emt 0:00:34] Intending Ng5 and mate.} Nd4 25. Ng5 {[%emt 0:02:04] White mates.} Nxc2 {[%emt 0:02:36] [#]} 26. Nh7 $1 f5 {[%emt 0:02:57] [#]} 27. exf6 $1 {[%emt 0:00:12] Weighted Error Value: White=0.15 (very precise) /Black=0.68.  Loses game:     	---       	Black=1      Mistake:       	---       	Black=3      Inaccurate:     	White=2     	Black=2      OK:         	White=7     	Black=4      Best:        	White=1     	Black=1} 1-0

[Event "III Menorca Open-A 2024"]
[Site "Ciutadella Menorca"]
[Date "2024.04.02"]
[Round "1.17"]
[White "Rodriguez Lopez, Rafael"]
[Black "Pranav Vijay"]
[Result "0-1"]
[ECO "C73"]
[WhiteElo "2167"]
[BlackElo "2252"]
[Annotator "RC"]
[PlyCount "82"]
[EventDate "2024.04.02"]
[EventType "swiss"]
[EventCountry "ESP"]
[SourceTitle "playchess.com"]
[Source "ChessBase"]
[SourceQuality "1"]
[TimeControl "5400+30"]

1. e4 e5 2. Nf3 Nc6 3. Bb5 a6 4. Ba4 Nf6 5. O-O d6 6. Bxc6+ bxc6 7. d4 exd4 8. Nxd4 c5 9. Ne2 Be7 10. Nbc3 O-O 11. Ng3 Re8 12. Re1 Bf8 13. b3 Rb8 14. Bb2 c6 15. e5 dxe5 16. Qxd8 Rxd8 17. Rxe5 c4 18. Rd1 Be6 19. Ree1 a5 20. Rxd8 Rxd8 21. Rd1 Rb8 22. Nge4 Nxe4 23. Nxe4 cxb3 24. cxb3 a4 25. Be5 Rb5 26. f4 axb3 27. axb3 f6 28. Bd6 Bxb3 29. Ra1 Bxd6 30. Nxd6 Rb8 31. Ra7 Kf8 32. Nf5 Bf7 33. Rc7 g6 34. Ne7 Rb1+ 35. Kf2 Rb2+ 36. Kg3 c5 37. Nc8 c4 38. Nd6 Bd5 39. Rc5 Rxg2+ 40. Kh3 Rd2 41. f5 Rd3+ 0-1

[Event "III Menorca Open-A 2024"]
[Site "Ciutadella Menorca"]
[Date "2024.04.02"]
[Round "1.18"]
[White "Idani, Pouya"]
[Black "Molina Carretero, Daniel"]
[Result "1-0"]
[ECO "B13"]
[WhiteElo "2609"]
[BlackElo "2176"]
[Annotator "TA"]
[PlyCount "49"]
[EventDate "2024.04.02"]
[EventType "swiss"]
[EventCountry "ESP"]
[SourceTitle "playchess.com"]
[Source "ChessBase"]
[SourceQuality "1"]
[TimeControl "5400+30"]

1. e4 c6 2. d4 d5 3. exd5 cxd5 4. Bd3 Nc6 5. c3 e6 6. Nf3 Bd6 7. O-O Nge7 8. Re1 {[%emt 0:00:15] White has an edge.} O-O 9. b3 f6 10. c4 a6 11. Nc3 Kh8 12. Bb2 Bc7 13. Ba3 Ba5 14. Bc2 {[%emt 0:08:25] White has more active pieces.} e5 (14... Bxc3 $6 15. Qd3 Ng6 16. Qxc3 $16) (14... dxc4 $14 15. bxc4 Re8 (15... Bxc3 $2 16. Qd3 $18)) 15. cxd5 Bxc3 {[%emt 0:17:54] [#]} 16. Qd3 $1 {[%emt 0:00:52][%csl Gc2][%cal Rd3h7] Chess con chili.} e4 (16... Bf5 $16 17. Qxc3 Nxd5) 17. Qxc3 $40 {[%emt 0:00:21][%mdl 128] White goes for the king.} exf3 $2 (17... Nxd5 18. Qc5 (18. Bxe4 $2 Nxc3 19. Bxc6 bxc6 $19) 18... Rf7) 18. dxc6 Rf7 (18... Nxc6 $142 19. Bxf8 (19. gxf3 Rg8 $18) (19. Qxf3 Nxd4 20. Qd1 Nxc2 $14) 19... Qxf8 20. Qxf3 (20. gxf3 Bd7 $18) 20... Bd7) 19. Bxe7 (19. gxf3 Nd5 $18) 19... Rxe7 20. Rxe7 Qxe7 21. Re1 Qf7 22. Qc4 Qxc4 23. bxc4 {[%emt 0:00:04][%cal Re1e8] [#]} Kg8 24. Re8+ (24. gxf3 bxc6 25. Ba4 Bd7 $18) (24. c7 $142) 24... Kf7 25. Rd8 {[%emt 0:00:02] Weighted Error Value: White=0.35/Black=0.48.  Mistake:       	---       	Black=4      Inaccurate:     	---       	Black=1      OK:         	White=5     	Black=5      Best:        	White=2     	Black=1      Strong:       	White=1     	---} 1-0

[Event "III Menorca Open-A 2024"]
[Site "Ciutadella Menorca"]
[Date "2024.04.02"]
[Round "1.19"]
[White "Perez Perez, Gabriel"]
[Black "Jumabayev, Rinat"]
[Result "0-1"]
[ECO "B61"]
[WhiteElo "2178"]
[BlackElo "2598"]
[Annotator "TA"]
[PlyCount "98"]
[EventDate "2024.04.02"]
[EventType "swiss"]
[EventCountry "ESP"]
[SourceTitle "playchess.com"]
[Source "ChessBase"]
[SourceQuality "1"]
[TimeControl "5400+30"]

1. e4 c5 2. Nf3 Nc6 3. d4 cxd4 4. Nxd4 Nf6 5. Nc3 d6 6. Bg5 Bd7 7. Qd2 Rc8 8. O-O-O Nxd4 9. Qxd4 Qa5 10. Be3 a6 11. f3 e5 (11... g6 $1 $11) 12. Qb6 Qxb6 13. Bxb6 {[%emt 0:00:01] White is slightly better.} h5 14. h4 Be7 15. g3 Be6 16. Kb1 O-O 17. Be3 g6 18. Bg5 Kg7 19. Bxf6+ Kxf6 20. Nd5+ Bxd5 21. Rxd5 Kg7 22. Bh3 Rc4 23. b3 Rc3 24. Rd3 Rc5 25. g4 hxg4 26. fxg4 Rh8 27. Bg2 Rxh4 28. Rxh4 Bxh4 29. Rxd6 $15 {[%emt 0:00:12][%mdl 4096] Endgame. KRB-KRB} Rc7 {[%emt 0:00:11] Prevents Rd7.} 30. Bf1 {[%emt 0:01:07] [#]} Kh6 $1 31. Be2 {[%emt 0:03:00] [#]} Kg5 $1 32. Rd3 Kf4 33. Bf3 (33. c3 $17 {keeps fighting.}) 33... Bf2 34. a4 Be3 35. Bg2 Bd4 36. Bf3 (36. Kc1 $17 {was worth a try.}) 36... b5 37. axb5 (37. Be2 $142) 37... axb5 $19 38. b4 Rc4 39. Rb3 Bc3 40. Bd1 Kxe4 {[%emt 0:12:31][%cal Oe4e3] aiming for ...Ke3!} 41. Be2 Rxb4 42. Bxb5 (42. g5 $142 Kf5 43. Rxb4 Bxb4 44. c3 Bxc3 45. Bf1) 42... Rxb3+ 43. cxb3 {[%emt 0:00:01] KB-KB} f5 44. Kc2 Bb4 (44... Kd4 $142 45. g5 f4) 45. Bd3+ Kf4 {[%emt 0:00:03] Black mates.} 46. gxf5 gxf5 47. Kd1 e4 48. Bb1 Ke3 49. Bc2 f4 {[%emt 0:00:08] Weighted Error Value: White=0.60/Black=0.18 (very precise) .  Mistake:       	White=4     	Black=1      Inaccurate:     	White=7     	---        OK:         	White=7     	Black=11     Best:        	White=2     	Black=4      Strong:       	---       	Black=1} 0-1

[Event "III Menorca Open-A 2024"]
[Site "Ciutadella Menorca"]
[Date "2024.04.02"]
[Round "1.20"]
[White "Kourkoulos-Arditis, Stamatis"]
[Black "Akshit Kumar J"]
[Result "1/2-1/2"]
[ECO "A07"]
[WhiteElo "2556"]
[BlackElo "2172"]
[Annotator "TA"]
[PlyCount "53"]
[EventDate "2024.04.02"]
[EventType "swiss"]
[EventCountry "ESP"]
[SourceTitle "playchess.com"]
[Source "ChessBase"]
[SourceQuality "1"]
[TimeControl "5400+30"]

1. Nf3 d5 2. g3 Nf6 3. Bg2 c6 4. O-O Bg4 5. d3 Nbd7 6. Nbd2 e5 7. h3 Bh5 8. e4 dxe4 9. dxe4 Bc5 10. Qe1 O-O 11. Nh4 Re8 12. a4 a5 13. Nb3 {[%emt 0:00:33] White is slightly better.} Bb6 14. Bg5 h6 15. Be3 Nf8 16. Nf5 Bxe3 17. Qxe3 Ne6 18. f4 Qc7 19. Kh1 Kh7 20. Nh4 Qe7 21. fxe5 Nd7 22. Nf5 Qb4 23. Nd6 (23. g4 $5 Bg6 $8 24. Nd6 $11) 23... Re7 24. Qd2 (24. Nf5 $5 Ree8 $8 25. Nd6 $11) 24... Qxd2 25. Nxd2 Nxe5 26. Nb3 (26. Rf5 $1 $11 Ng5 27. Nb3) 26... Rd7 $17 27. Nf5 {[%emt 0:01:12] Weighted Error Value: White=0.21 (precise) /Black=0.05 (flawless) .  Mistake:       	White=1     	---        Inaccurate:     	White=3     	Black=1      OK:         	White=6     	Black=8} 1/2-1/2

[Event "III Menorca Open-A 2024"]
[Site "Ciutadella Menorca"]
[Date "2024.04.02"]
[Round "1.21"]
[White "Nasuta, Grzegorz"]
[Black "Mannion, Stephen R"]
[Result "1-0"]
[ECO "C54"]
[WhiteElo "2552"]
[BlackElo "2166"]
[Annotator "RC"]
[PlyCount "79"]
[EventDate "2024.04.02"]
[EventType "swiss"]
[EventCountry "ESP"]
[SourceTitle "playchess.com"]
[Source "ChessBase"]
[SourceQuality "1"]
[TimeControl "5400+30"]

1. e4 e5 2. Nf3 Nc6 3. Bc4 Bc5 4. d3 Nf6 5. O-O d6 6. c3 O-O 7. h3 h6 8. Re1 a5 9. Nbd2 Be6 10. Bb5 Qb8 11. Bxc6 bxc6 12. d4 exd4 13. cxd4 Bb6 14. Qc2 Qa7 15. b3 a4 16. Bb2 a3 17. Bc3 Rfe8 18. Rac1 Nh5 19. Nf1 d5 20. e5 g6 21. Qd2 Kh7 22. Qe3 f5 23. exf6 Nxf6 24. Bd2 Ng8 25. Qf4 g5 26. Nxg5+ hxg5 27. Qxg5 Bxd4 28. Qh4+ Kg6 29. Be3 Bxe3 30. Rxe3 Nf6 31. Rg3+ Kf7 32. Rf3 Ke7 33. Rxf6 Kd7 34. Nd2 Rh8 35. Qf4 Rag8 36. Nf3 Bxh3 37. Ng5 Bxg2 38. Qf5+ Kd8 39. Nf7+ Ke8 40. Qe6+ 1-0

[Event "III Menorca Open-A 2024"]
[Site "Ciutadella Menorca"]
[Date "2024.04.02"]
[Round "1.22"]
[White "Cramling Bellon, Anna"]
[Black "Xiao, Tong(Qd)"]
[Result "0-1"]
[ECO "E16"]
[WhiteElo "2115"]
[BlackElo "2484"]
[Annotator "TA"]
[PlyCount "86"]
[EventDate "2024.04.02"]
[EventType "swiss"]
[EventCountry "ESP"]
[SourceTitle "playchess.com"]
[Source "ChessBase"]
[SourceQuality "1"]
[TimeControl "5400+30"]

1. d4 Nf6 2. c4 e6 3. Nf3 b6 4. g3 Bb4+ 5. Bd2 c5 6. Bxb4 cxb4 7. Bg2 Bb7 8. O-O O-O 9. Nbd2 d6 10. Qb3 a5 11. a3 Na6 12. Rfe1 Qe7 13. e4 Nd7 14. e5 {[%emt 0:09:16] White is slightly better.} Rfc8 15. Qe3 Ra7 (15... dxe5 $11 16. Nxe5 Bxg2 17. Kxg2 Nxe5 18. Qxe5 bxa3 19. bxa3 h6) 16. Qf4 (16. exd6 $16 Qxd6 17. d5 bxa3 18. bxa3) 16... d5 17. Rec1 Nf8 18. h4 Ba8 19. cxd5 Rxc1+ 20. Rxc1 Bxd5 21. Ng5 bxa3 22. bxa3 Rc7 {[%emt 0:00:17] Prevents Nc4} (22... Qxa3 {with more complications.} 23. Rc8 Bxg2 24. Kxg2 Qe7) 23. Nde4 (23. Rb1 $14 {stays ahead.}) 23... h6 $17 24. Nh3 Bxe4 $1 ({But not} 24... Qxa3 $6 25. Rxc7 Nxc7 26. Nd6 $11) 25. Rxc7 Nxc7 26. Qxe4 Qxa3 27. Qc6 {[%emt 0:00:08][%csl LRb6,LRc7] [#]} Nd5 28. Bxd5 exd5 29. Qxd5 {[%emt 0:00:38][%mdl 4096] Endgame. [#] KQN-KQN} (29. Nf4 $142) 29... a4 (29... Ne6 $1 $17 {...Qa1+ is the strong threat.} 30. Qa8+ Qf8) 30. Nf4 $11 Qe7 31. Qc4 a3 {[%emt 0:00:55] Hoping for ...Qa7.} 32. Nd3 (32. Qa4 $11 {keeps the balance.}) 32... Qa7 $36 {[%emt 0:02:06][%mdl 2048] Strongly threatening ...a2. Black is on the roll.} 33. Qa2 Qa4 34. Kh2 b5 {[%emt 0:00:16][%cal Ob5b4] And now ...b4! would win.} (34... Qxd4 35. Qxa3 Qe4 36. f4 $11) 35. d5 b4 {[%emt 0:06:35] aiming for ...b3.} 36. Nc1 {[%emt 0:00:04] [#]} Qa6 ({Don't play} 36... Nd7 37. e6 fxe6 38. dxe6 $15) 37. d6 $2 (37. Qb3 {was worth a try.}) 37... Qc6 $19 38. Nb3 Ne6 {[%emt 0:00:43] White must now prevent ...Qc4.} 39. Qd2 Qc4 40. Nc1 (40. Qd1) 40... b3 41. d7 b2 {[%emt 0:00:13] Black mates.} 42. d8=Q+ Nxd8 43. Qxd8+ Kh7 {[%emt 0:22:56] Weighted Error Value: White=0.67/Black=0.28 (precise) .  Mistake:       	White=6     	Black=2      Inaccurate:     	White=5     	Black=6      OK:         	White=5     	Black=10     Best:        	White=7     	Black=4      Strong:       	---       	Black=1} 0-1

[Event "III Menorca Open-A 2024"]
[Site "Ciutadella Menorca"]
[Date "2024.04.02"]
[Round "1.23"]
[White "Prado, Alexandra"]
[Black "Nandhidhaa, P V"]
[Result "0-1"]
[ECO "B23"]
[WhiteElo "1877"]
[BlackElo "2305"]
[Annotator "RC"]
[PlyCount "72"]
[EventDate "2024.04.02"]
[EventType "swiss"]
[EventCountry "ESP"]
[SourceTitle "playchess.com"]
[Source "ChessBase"]
[SourceQuality "1"]
[TimeControl "5400+30"]

1. e4 c5 2. Nc3 Nc6 3. f4 g6 4. Nf3 Bg7 5. Bc4 d6 6. O-O e6 7. d3 Nge7 8. Bd2 d5 9. Bb5 O-O 10. Bxc6 Nxc6 11. Qe1 Nd4 12. Rc1 b6 13. Kh1 Bb7 14. e5 Nxf3 15. Rxf3 f6 16. exf6 Qxf6 17. Qe2 e5 18. fxe5 Qxe5 19. Re3 Qf5 20. Re7 Rf7 21. Rxf7 Qxf7 22. Rf1 Qd7 23. Re1 Rf8 24. Bg5 Qf5 25. Bh4 Bc6 26. Bg3 Bd4 27. h3 Bd7 28. Nd1 Qg5 29. Kh2 Rf7 30. c3 Bg7 31. Nf2 h5 32. Bd6 Qf6 33. Bg3 h4 34. Bb8 Qxf2 35. Bxa7 Qg3+ 36. Kh1 Rf2 0-1

[Event "III Menorca Open-A 2024"]
[Site "Ciutadella Menorca"]
[Date "2024.04.02"]
[Round "1.24"]
[White "Saine, Zachary"]
[Black "Baskin, Robert"]
[Result "0-1"]
[ECO "B90"]
[WhiteElo "2010"]
[BlackElo "2461"]
[Annotator "RC"]
[PlyCount "84"]
[EventDate "2024.04.02"]
[EventType "swiss"]
[EventCountry "ESP"]
[SourceTitle "playchess.com"]
[Source "ChessBase"]
[SourceQuality "1"]
[TimeControl "5400+30"]

1. e4 c5 2. Nf3 d6 3. d4 cxd4 4. Nxd4 Nf6 5. Nc3 a6 6. f3 e5 7. Nb3 Be6 8. Be3 h5 9. Qd2 Nbd7 10. Be2 Rc8 11. O-O Be7 12. Rac1 Nb6 13. Na5 Qc7 14. Rfd1 d5 15. Nxd5 Nbxd5 16. exd5 Nxd5 17. Nb3 Nxe3 18. Qxe3 O-O 19. Kh1 Rfd8 20. Rxd8+ Rxd8 21. Bd3 f5 22. Re1 Bf6 23. Nc5 Bc8 24. b4 Kh7 25. g4 hxg4 26. fxg4 b6 27. Qh3+ Kg8 28. Bc4+ Kf8 29. g5 Qc6+ 30. Kg1 bxc5 31. Qh5 Qe8 32. Qh7 Ke7 33. bxc5 Rd4 34. gxf6+ Kxf6 35. Bf1 Rg4+ 36. Kf2 Qc6 37. Ke2 Qb5+ 38. Kd2 Qb4+ 39. Kd1 Bb7 40. Qh8 Bf3+ 41. Re2 Rd4+ 42. Kc1 Qa3+ 0-1